 Dungeon Crawl Stone Soup version 0.26.1-11-gd32895ea62 (webtiles) character file.

Game seed: 1364000733011939170

124 nothank2 the Cudgeller (level 5, -9/33 HPs)
             Began as a Gargoyle Fighter on June 15, 2021.
             Killed from afar by Natasha (18 damage)
             ... with a puff of flame
             ... on level 3 of the Dungeon.
             The game lasted 00:03:43 (2612 turns).

nothank2 the Cudgeller (Gargoyle Fighter)           Turns: 2612, Time: 00:03:43

Health: -9/33      AC:  8    Str: 20    XL:     5   Next: 8%
Magic:  5/5        EV:  8    Int:  9    God:
Gold:   109        SH:  9    Dex:  9    Spells: 4/4 levels left

rFire    x . .     SeeInvis .   q - +2 mace (drain)
rCold    + . .     Faith    .   c - +0 kite shield
rNeg     + . .     Spirit   .   l - +0 troll leather armour
rPois    ∞         Reflect  .   (no helmet)
rElec    +         Harm     .   (no cloak)
rCorr    .         Rampage  .   (no gloves)
Will     .....                  (no boots)
Stlth    +.........             t - amulet of the acrobat
HPRegen  0.51/turn              o - ring of wizardry
MPRegen  0.09/turn              u - ring of ice

@: no status effects
A: negative energy resistance 1, electricity resistance, unbreathing,
petrification resistance, miasma immunity, AC +4
a: no special abilities


You were on level 3 of the Dungeon.
You visited 1 branch of the dungeon, and saw 3 of its levels.

You collected 109 gold pieces.

Inventory:

Hand Weapons
 a - a +0 flail
 q - a +2 mace of draining (weapon)
Armour
 b - a +0 scale mail
 c - a +0 kite shield (worn)
 l - a +0 troll leather armour (worn)
Jewellery
 o - a ring of wizardry (left hand)
 t - an amulet of the acrobat (around neck)
 u - a ring of ice (right hand)
Wands
 w - a wand of flame (15)
Scrolls
 e - a scroll of magic mapping {unknown}
 f - a scroll of fear {unknown}
 h - 3 scrolls of noise {unknown}
 i - 2 scrolls of teleportation {unknown}
 k - 6 scrolls of identify {unknown}
 m - a scroll of immolation {unknown}
 r - a scroll of enchant armour {unknown}
 s - 3 scrolls of amnesia {unknown}
 y - a scroll of enchant weapon {unknown}
Potions
 d - a potion of might
 g - 3 potions of flight {unknown}
 j - 3 potions of attraction {unknown}
 n - 2 potions of magic {unknown}
 p - a potion of cancellation {unknown}
 v - a potion of haste {unknown}
 x - a potion of invisibility {unknown}
 z - 2 potions of curing {unknown}


   Skills:
 + Level 3.7 Fighting
 * Level 4.0 Maces & Flails
 + Level 3.9 Armour
 + Level 3.8 Shields


You had 4 spell levels left.
You didn't know any spells.
Your spell library was empty.

Dungeon Overview and Level Annotations

Branches:
Dungeon (3/15)

Altars:
Gozag

Annotations:
D:3 Natasha


Innate Abilities, Weirdness & Mutations

You are resistant to torment.
Your stone body is resilient. (AC +4)
You are immune to poison.
You resist negative energy. (rN+)
You are resistant to electric shocks. (rElec)
You can survive without breathing.
You are immune to petrification.
You are immune to miasma.


Message History

Natasha mumbles some strange words.
You block the crimson imp's attack.
You thump the crimson imp!
The crimson imp is severely wounded.
The crimson imp hits you but does no damage.
You barely miss the crimson imp.
The crimson imp is severely wounded.
The crimson imp hits you but does no damage.
You miss the crimson imp.
The crimson imp is heavily wounded.
The crimson imp blinks!
Natasha zaps a wand.
The puff of flame hits you! The fire burns you terribly!
* * * LOW HITPOINT WARNING * * *
The crimson imp blinks!
You block Natasha's attack.
There is an open door here.
You see here a +0 club.
You closely miss Natasha.
Natasha zaps a wand.
The puff of flame hits you!! The fire burns you terribly!
Ouch! That really hurt!
You die...

##.#### ##.......##
##.....#
#.........####...##.#
+.........+(......#.#
#.........####......#
#5.....5# ##.#.###
#.....# ###.# #.h§# #.#
#@# #.# #.# #.# #.######
#.# ##.[....# #.#
##...###.# #.#
##.#####.....##.# #.#
............###.# #.#
##.#####.#.####.######.#
#.......(.......#


You could see Natasha and 2 crimson imps.

Vanquished Creatures
  Crazy Yiuf (D:2)
  Terence (D:2)
  An adder (D:3)
  A worm (D:3)
  2 dart slugs (D:1)
  A leopard gecko (D:2)
  2 orcs (D:3)
  3 bats
  A giant cockroach (D:2)
  8 hobgoblins
  8 jackals
  4 kobolds
  5 frilled lizards
  9 goblins
  2 rats (D:1)
49 creatures vanquished.

Vanquished Creatures (others)
  2 plants (D:2)
2 creatures vanquished.

Grand Total: 51 creatures vanquished

Notes
Turn   | Place    | Note
-------+----------+-------------------------------------------
     0 | D:1      | nothank2 the Gargoyle Fighter began the quest for the Orb.
     0 | D:1      | Reached XP level 1. HP: 14/14 MP: 1/1
    85 | D:1      | Reached XP level 2. HP: 19/19 MP: 2/2
   330 | D:1      | Reached XP level 3. HP: 23/23 MP: 3/3
  1251 | D:2      | Noticed Terence
  1260 | D:2      | Killed Terence
  1261 | D:2      | Reached skill level 3 in Maces & Flails
  1261 | D:2      | Reached XP level 4. HP: 25/28 MP: 4/4
  1722 | D:2      | Found an opulent altar of Gozag.
  1980 | D:2      | Found a runed translucent door.
  1981 | D:2      | Noticed Crazy Yiuf
  1989 | D:2      | Killed Crazy Yiuf
  2600 | D:3      | Noticed Natasha
  2604 | D:3      | Reached skill level 4 in Maces & Flails
  2604 | D:3      | Reached XP level 5. HP: 15/33 MP: 5/5
  2612 | D:3      | Killed from afar by Natasha

Illustrated notes

Levels and vault maps discovered:
D:1:      evilmike_arrival_fibonacci_small, layout_basic,
          chequers_serial_rivers_room_a
D:2:      minmay_general_purpose_star, layout_loops_cross,
          grunt_gozag_breadcrumbs, serial_forest, infiniplex_forest_end_double,
          infiniplex_forest_clump_double, infiniplex_forest_zigzag_1,
          infiniplex_forest_lined_2, infiniplex_forest_diagonal,
          infiniplex_forest_straight_1, infiniplex_forest_clump_diagonal,
          infiniplex_forest_fountain, serial_bayou_pond_d,
          uniq_crazy_yiuf_cottage, uniq_terence
D:3:      layout_loops_corners, gammafunk_ghost_mausoleum, uniq_natasha

Skill      XL: |  1  2  3  4 |
---------------+-------------+-----
Maces & Flails | 3 4 |  4.0
Fighting       | |  3.7
Armour         | |  3.9
Shields        | |  3.8

Action                   |  1- 3 |  4- 6 || total
-------------------------+-------+-------++-------
Melee: Flail             |    87 |     4 ||    91
       Mace              |       |    67 ||    67
Armor: Scale mail        |    48 |       ||    48
       Troll leather arm |     1 |    22 ||    23
Dodge: Dodged            |    26 |    21 ||    47
Block: Kite shield       |    35 |    32 ||    67
